 Dungeon Crawl Stone Soup version 0.27.1-34-g3ba077fa99 (webtiles) character file.

Game seed: 15295925651029439985

66 pkoi the Insei (level 3, -6/31 HPs)
             Began as a Draconian Monk on Jan 7, 2022.
             Killed by divine providence
             ... invoked by an orc priest
              (16 damage)
             ... on level 3 of the Dungeon.
             The game lasted 00:02:28 (2738 turns).

pkoi the Insei (Draconian Monk)                     Turns: 2738, Time: 00:02:29

Health: -6/31      AC:  5    Str: 13    XL:     3   Next: 96%
Magic:  3/3        EV: 12    Int: 11    God:
Gold:   79         SH:  0    Dex: 13    Spells: 2/2 levels left

rFire    . . .     SeeInvis .     - Unarmed
rCold    . . .     Faith    .   (no shield)
rNeg     . . .     Spirit   .   (armour unavailable)
rPois    .         Reflect  .   (helmet restricted)
rElec    .         Harm     .   (no cloak)
rCorr    .         Rampage  .   (no gloves)
Will     .....                  (no boots)
Stlth    ++........             (no amulet)
HPRegen  0.10/turn              (no ring)
MPRegen  0.08/turn              (no ring)

@: no status effects
A: AC +5, unfitting armour, cold-blooded
a: no special abilities


You were on level 3 of the Dungeon.
You visited 1 branch of the dungeon, and saw 3 of its levels.

You collected 79 gold pieces.

Inventory:

Missiles
 c - 7 datura-tipped darts (quivered)
 h - 2 boomerangs
Wands
 f - a wand of iceblast (8)
Scrolls
 b - 2 scrolls of identify
 d - a scroll of teleportation {unknown}
 e - a scroll of enchant armour
Potions
 a - a potion of mutation {unknown}
 g - a potion of lignification {unknown}


   Skills:
 - Level 3.2 Fighting
 - Level 2.6 Dodging
 - Level 1.7 Stealth
 + Level 4.9 Unarmed Combat


You had 2 spell levels left.
You didn't know any spells.
Your spell library contained the following spells:

 Spells                   Type           Power      Damage    Failure   Level
 Portal Projectile        Hex/Tloc       0%         N/A       71%         3
 Blade Hands              Tmut           0%         N/A       100%        5
 Excruciating Wounds      Necr           0%         N/A       100%        5


Dungeon Overview and Level Annotations

Branches:
Dungeon (3/15)

Altars:


Innate Abilities, Weirdness & Mutations

Your plain brown scales are hard. (AC +5)
You cannot fit into any form of body armour.
You are cold-blooded and may be slowed by cold attacks.


Message History

No target in view!
No target in view!
No target in view!
No target in view!
No target in view!
No target in view!
You see here a giant cockroach corpse.
Found 15 gold pieces.
Found 26 stones.
You now have 79 gold pieces (gained 15).
Found a stone staircase leading down.
No target in view!
No target in view!
No target in view!
No target in view! 2 orcs and an orc priest come into view.
The orc priest shouts!
The orc shouts! x2
The orc priest invokes the aid of Beogh against you.
Beogh smites you!
There are monsters nearby!
There are monsters nearby!
An orc comes into view. It is wielding a +0 hand axe.
An endoplasm comes into view.
An orc and an orc wizard come into view.
The orc hits you with a +0 club.
The orc wizard shouts!
The orc shouts!
You hear a shout!
The orc wizard casts a spell.
The orc wizard flickers and vanishes!
Deactivating autopickup; reactivate with Ctrl-A.
The orc priest calls down the wrath of Beogh upon you.
Beogh smites you!
* * * LOW HITPOINT WARNING * * *
The endoplasm quivers.
You open the door.
The orc priest looks encouraged for a moment.
There is an open door here.
The orc priest mumbles some strange prayers to Beogh against you.
Beogh smites you!
Ouch! That really hurt!
You die...

...#.# .....+
#..#.###.....#
#..#.........#
#............#
..#....o#####
###.>...# ###...#
####...###########
.......oo...o.o.@.#
#####...#########.#
#####.......#.#
#.#####.#.#
#......<..#
#########.# ###


You could see an orc priest and an orc.

Vanquished Creatures
  2 adders (D:2)
  4 dart slugs
  6 ball pythons
  4 bats
  5 endoplasms
  A giant cockroach (D:3)
  4 goblins
  3 hobgoblins (D:1)
  A quokka (D:2)
  A frilled lizard (D:2)
  6 kobolds
  2 rats (D:2)
39 creatures vanquished.

Notes
Turn   | Place    | Note
-------+----------+-------------------------------------------
     0 | D:1      | pkoi the Draconian Monk began the quest for the Orb.
     0 | D:1      | Reached XP level 1. HP: 19/19 MP: 1/1
   601 | D:1      | Reached XP level 2. HP: 26/26 MP: 2/2
  1003 | D:1      | Reached skill level 4 in Unarmed Combat
  1363 | D:2      | Noticed an ogre
  1790 | D:2      | Reached XP level 3. HP: 28/31 MP: 3/3
  2738 | D:3      | Killed from afar by an orc priest

Illustrated notes

Levels and vault maps discovered:
D:1:      minmay_arrival_solitary_statue, layout_loops_ring,
          minmay_misc_feat_five
D:2:      layout_basic
D:3:      minmay_razor_zed, layout_basic, trog_three_pillars_becter,
          hellmonk_ecumenical_altar_inner_sanctum

Skill      XL: |  1  2 |
---------------+-------+-----
Unarmed Combat | 4 |  4.9
Fighting       | |  3.2
Dodging        | |  2.6
Stealth        | |  1.7

Action                   || total
-------------------------++-------
Melee: Unarmed           ||   148
       Tailslap          ||    17
       Punch             ||     1
  Use: Scroll            ||     2
       Potion            ||     2
 Stab: Sleeping          ||     5
Armor: Skin              ||    35
Dodge: Dodged            ||    94
